 Dungeon Crawl Stone Soup version 0.32-a0-540-g866d13106e (webtiles) character file.

Game seed: 15076999026260233472

316 cforsyth the Grave Robber (level 6, -2/53 HPs)
             Began as a Mountain Dwarf Necromancer on Feb 29, 2024.
             Slain by a black bear (4 damage)
             ... on level 2 of the Dungeon.
             The game lasted 00:05:31 (2427 turns).

cforsyth the Grave Robber (MDNe)                    Turns: 2427, Time: 00:05:32

Health: -2/53      AC:  8    Str: 11    XL:     6   Next: 20%
Magic:  0/8        EV:  5    Int: 17    God:
Gold:   104        SH:  0    Dex: 10    Spells: 7/8 levels left

rFire   . . .        a - +1 dagger (venom)
rCold   . . .        (no shield)
rNeg    . . .        h - +0 chain mail
rPois   .            (no helmet)
rElec   .            (no cloak)
rCorr   .            (no gloves)
SInv    .            (no boots)
Will    .....        (no amulet) Stlth
                     (no ring)
HPRegen 0.28/turn    (no ring)
MPRegen 0.11/turn

%: no passive effects
@: no status effects
A: runic magic, artefact enchanting
a: no special abilities


You were on level 2 of the Dungeon.
You visited 1 branch of the dungeon, and saw 3 of its levels.

You collected 104 gold pieces.


Innate Abilities, Weirdness & Mutations

Your spellcasting is much less encumbered by armour.
You can use scrolls of enchantment on lesser artefacts.


   Skills:
 + Level 4.6 Fighting
 - Level 1.3 Dodging
 - Level 1.4 Stealth
 - Level 1.7 Spellcasting
 + Level 6.6 Necromancy


You had 7 spell levels left.
You knew the following spells:

 Your Spells              Type           Power      Damage    Failure   Level
X - Necrotise             Necr           96%        1d8       3%          1

Your spell library contained the following spells:

 Spells                   Type           Power      Damage    Failure   Level
 Vampiric Draining        Necr           24%        2d7       10%         3
 Animate Dead             Necr           24%        N/A       32%         4
 Curse of Agony           Necr           24%        N/A       65%         5
 Gell's Gravitas          Tloc           1%         N/A       82%         3
 Teleport Other           Tloc           1%         N/A       82%         3
 Dispersal                Tloc           0%         N/A       100%        6

Inventory:

Hand Weapons
 a - a +1 dagger of venom (weapon)
Armour
 h - a +0 chain mail (worn)
Scrolls
 d - a scroll of identify {unknown}
 g - 3 scrolls of fear {unknown}
 i - a scroll of teleportation {unknown}
Potions
 b - a potion of magic
 c - a potion of resistance {unknown}
 e - 2 potions of lignification {unknown}
 f - a potion of brilliance {unknown}

Dungeon Overview and Level Annotations

Branches:
Dungeon (3/15)

Altars:

#........................
#.<........###....
##.......#.# ...
##.....##.# .
##########..#
##........>.##
#..########## #
#.############.#.###
##.........@h........
#..###########.......
#### ....... .......
#######


You could see a black bear (berserk).


Message History

The black bear claws you but does no damage. x2
The black bear bites you. The black bear claws you.
The black bear claws you but does no damage.
The black bear writhes in agony.
The black bear bites you.
The black bear claws you but does no damage.
The black bear barely misses you.
The black bear barely resists.
The black bear bites you!
* * * LOW HITPOINT WARNING * * *
The black bear claws you but does no damage.
The black bear barely misses you. The black bear bites you.
* * * LOW HITPOINT WARNING * * *
The black bear claws you but does no damage.
The black bear claws you.
* * * LOW HITPOINT WARNING * * *
You are too injured to fight recklessly!
You are too injured to fight recklessly!
You are too injured to fight recklessly!
Unknown command.
You closely miss the black bear.
The black bear is almost dead.
The black bear bites you.
* * * LOW HITPOINT WARNING * * *
The black bear claws you but does no damage.
The black bear claws you.
* * * LOW HITPOINT WARNING * * *
Unknown command.
You closely miss the black bear.
The black bear is almost dead.
The black bear barely misses you. The black bear claws you.
You die...

Skill      XL: |  1  2  3 |
---------------+----------+-----
Fighting       | 1 2 4 |  4.6
Necromancy     | 5 6 |  6.6
Dodging        | |  1.3
Stealth        | |  1.4
Spellcasting   | |  1.7

Action                     |  1- 3 |  4- 6 || total
---------------------------+-------+-------++-------
  Melee: Unarmed           |    38 |       ||    38
         Dagger            |       |    16 ||    16
   Cast: Necrotise         |    56 |    28 ||    84
   Stab: Distracted        |     1 |       ||     1
 Armour: Robe              |    44 |       ||    44
         Chain mail        |     8 |    60 ||    68
  Dodge: Dodged            |    48 |    16 ||    64

Levels and vault maps discovered:
D:1:      kennysheep_arrival_forest, layout_basic,
          hellmonk_ecumenical_altar_zigzags, minmay_misc_feat_chi
D:2:      layout_rooms, uniq_sigmund, uniq_crazy_yiuf_cottage
D:3:      layout_basic, lemuel_doored_altar

Notes
Turn   | Place    | Note
-------+----------+-------------------------------------------
     0 | D:1      | cforsyth the Mountain Dwarf Necromancer began the quest for
                  | the Orb.
     0 | D:1      | Reached XP level 1. HP: 14/14 MP: 3/3
   257 | D:1      | Reached skill level 1 in Fighting
   344 | D:1      | Found a faded altar of an unknown god.
   349 | D:1      | Reached XP level 2. HP: 23/23 MP: 0/4
  1045 | D:2      | Noticed Sigmund
  1102 | D:1      | Reached skill level 2 in Fighting
  1244 | D:1      | Reached skill level 5 in Necromancy
  1244 | D:1      | Reached XP level 3. HP: 26/29 MP: 3/5
  1921 | D:2      | Killed Sigmund
  1922 | D:2      | Reached skill level 4 in Fighting
  1922 | D:2      | Reached skill level 6 in Necromancy
  1922 | D:2      | Reached XP level 4. HP: 40/40 MP: 1/6
  1922 | D:2      | Reached XP level 5. HP: 46/46 MP: 1/7
  2023 | D:2      | You fall into a shaft and drop 1 floor!
  2038 | D:3      | Noticed a black bear
  2055 | D:3      | Killed a black bear
  2056 | D:3      | Reached XP level 6. HP: 12/53 MP: 0/8
  2426 | D:2      | HP: 2/53 [black bear (6)]
  2427 | D:2      | Slain by a black bear

Vanquished Creatures
  Sigmund (D:2)
  A black bear (D:3)
  2 adders (D:2)
  2 dart slugs (D:1)
  4 orcs (D:3)
  2 ball pythons (D:1)
  2 bats
  2 endoplasms
  A giant cockroach (D:1)
  2 goblins
  A hobgoblin (D:1)
  8 jackals (D:1)
  A kobold (D:3)
  2 quokkas (D:1)
  3 rats
34 creatures vanquished.

Vanquished Creatures (collateral kills)
  A quokka (D:1)
  A ball python (D:2)
  A frilled lizard (D:3)
3 creatures vanquished.

Grand Total: 37 creatures vanquished

Table legend: (Time is in decaauts)
 A = Elapsed time spent in this place.
 B = Non-inter-level travel time spent in this place.
 C = Inter-level travel time spent in this place.
 D = Time resting spent in this place.
 E = Time spent auto-exploring this place.
 F = Levels seen in this place.
 G = Mean time per level.
                   A        B        C        D        E       F      G
               +--------+--------+--------+--------+--------+-----+--------+
         Total |   2434 |   2352 |     82 |    541 |   1373 |   3 |  811.3 |
       Dungeon |   2434 |   2352 |     82 |    541 |   1373 |   3 |  811.3 |
               +--------+--------+--------+--------+--------+-----+--------+

Top non-repeatable levels by time:
     D:1: 1479 daAuts
     D:2: 638 daAuts
     D:3: 315 daAuts

Table legend:
 A = Non-vault XP
 B = Vault XP
 C = Vault XP percentage of total XP
 D = Non-vault monster count
 E = Vault monster count
 F = Vault count percentage of total count
                 A         B        C        D         E       F
            +---------+---------+-------+---------+---------+-------
      Total |     226 |     226 |  50.0 |      36 |       1 |   2.7
            +---------+---------+-------+---------+---------+-------
        D:1 |      44 |       0 |   0.0 |      21 |       0 |   0.0
        D:2 |      31 |     226 |  87.9 |       5 |       1 |  16.7
        D:3 |     151 |       0 |   0.0 |      10 |       0 |   0.0
            +---------+---------+-------+---------+---------+-------
